3AAA
SIOUX FALLS RED PANDAS @ BLOOMINGTON LONGNECKS
09/03/2028
 
TOP OF THE 1ST
Sioux Falls Red Pandas batting - Pitching for Bloomington Longnecks : RHP Miguel Cervantes
Pitching: RHP Miguel Cervantes
Batting: SHB Raúl Duarte 0-0: Called Strike
0-1: Called Strike
0-2: Ball
1-2: Foul Ball, location: 2F
1-2: Fly out, F8 (Line Drive, 8RM)
Batting: RHB Jorge Díaz 0-0: Foul Ball, location: 2F
0-1: Swinging Strike
0-2: Fly out, F5 (Popup, 56)
Batting: LHB Magali Lenidas 0-0: Reached on error, E6 (Popup, 56D)
Batting: RHB Alan Rosales 0-0: Ground out 5-3 (Groundball, 56S)
Top of the 1st over - 0 run(s), 0 hit(s), 1 error(s), 1 left on base; Sioux Falls 0 - Bloomington 0
BOTTOM OF THE 1ST
Bloomington Longnecks batting - Pitching for Sioux Falls Red Pandas : RHP José Trujillo
Pitching: RHP José Trujillo
Batting: RHB Gabrio Campoverde 0-0: Ball
1-0: Foul Ball, location: 2F
1-1: Foul Ball, location: 2F
1-2: Foul Ball, location: 2F
1-2: Ball
2-2: Foul Ball, location: 2F
2-2: Ball
3-2: Base on Balls
Batting: RHB Sean Davis 0-0: Ball
1-0: Fly out, F3 (Line Drive, 3S)
Lined into DP, U3 (Line Drive, 3S)
Batting: SHB Eddie Ménard 0-0: Ball
1-0: Ball
2-0: Ball
3-0: Base on Balls
Batting: LHB Shahid Afridi 0-0: Ball
1-0: Ball
Eddie Ménard steals 2nd base
2-0: Called Strike
2-1: Swinging Strike
2-2: Fly out, F9 (Line Drive, 89D)
Bottom of the 1st over - 0 run(s), 0 hit(s), 0 error(s), 1 left on base; Sioux Falls 0 - Bloomington 0
TOP OF THE 2ND
Sioux Falls Red Pandas batting - Pitching for Bloomington Longnecks : RHP Miguel Cervantes
Batting: LHB Joe Sutton 0-0: Ground out 4-3 (Groundball, 4)
Batting: LHB Esteban Casillas 0-0: Ball
1-0: Foul Ball, location: 2F
1-1: Swinging Strike
1-2: SINGLE (Groundball, 4MD)
Batting: RHB Tim Barnes 0-0: Called Strike
0-1: Ball
1-1: Foul Ball, location: 2F
1-2: Foul Ball, location: 2F
1-2: Foul Ball, location: 2F
1-2: Foul Ball, location: 2F
1-2: Ball
2-2: Grounds into double play, 5-4-3 (Groundball, 56)
Top of the 2nd over - 0 run(s), 1 hit(s), 0 error(s), 0 left on base; Sioux Falls 0 - Bloomington 0
BOTTOM OF THE 2ND
Bloomington Longnecks batting - Pitching for Sioux Falls Red Pandas : RHP José Trujillo
Batting: RHB Carlos Cardona 0-0: Swinging Strike
0-1: Foul Ball, location: 2F
0-2: Ball
1-2: Ground out 6-3 (Groundball, 6)
Batting: SHB Benedict Patel 0-0: Foul Ball, location: 2F
0-1: Swinging Strike
0-2: Strikes out swinging
Batting: SHB Jared Jefferson 0-0: Ball
1-0: Ball
2-0: Foul Ball, location: 2F
2-1: Ball
3-1: Ground out 4-3 (Groundball, 4S)
Bottom of the 2nd over - 0 run(s), 0 hit(s), 0 error(s), 0 left on base; Sioux Falls 0 - Bloomington 0
TOP OF THE 3RD
Sioux Falls Red Pandas batting - Pitching for Bloomington Longnecks : RHP Miguel Cervantes
Batting: RHB Mark Allen 0-0: Called Strike
0-1: Ground out 5-3 (Groundball, 56)
Batting: RHB Alfredo Chávez 0-0: Ball
1-0: Called Strike
1-1: Ball
2-1: Called Strike
2-2: Foul Ball, location: 2F
2-2: Foul Ball, location: 2F
2-2: SINGLE (Groundball, 6D)
Batting: SHB Raúl Duarte 0-0: Fielders Choice at 2nd, 4-6 (Groundball, 34)
Batting: RHB Jorge Díaz 0-0: Ball
Raúl Duarte is caught stealing 2nd base
Top of the 3rd over - 0 run(s), 1 hit(s), 0 error(s), 0 left on base; Sioux Falls 0 - Bloomington 0
BOTTOM OF THE 3RD
Bloomington Longnecks batting - Pitching for Sioux Falls Red Pandas : RHP José Trujillo
Batting: LHB Shang-de Zhang 0-0: Foul Ball, location: 2F
0-1: Called Strike
0-2: Ball
1-2: SINGLE (Groundball, 34D)
Batting: RHB Frank Crocker 0-0: Grounds into double play, 5-4-3 (Groundball, 56)
Batting: RHB Gabrio Campoverde 0-0: SINGLE (Line Drive, 6MD)
Batting: RHB Sean Davis 0-0: Ball
Gabrio Campoverde steals 2nd base
1-0: Foul Ball, location: 2F
1-1: Fly out, F3 (Popup, 3S)
Bottom of the 3rd over - 0 run(s), 2 hit(s), 0 error(s), 1 left on base; Sioux Falls 0 - Bloomington 0
TOP OF THE 4TH
Sioux Falls Red Pandas batting - Pitching for Bloomington Longnecks : RHP Miguel Cervantes
Batting: RHB Jorge Díaz 0-0: Called Strike
0-1: Ball
1-1: Ground out 6-3 (Groundball, 6)
Batting: LHB Magali Lenidas 0-0: Called Strike
0-1: Ball
1-1: Called Strike
1-2: Ball
2-2: Strikes out swinging
Batting: RHB Alan Rosales 0-0: Ball
1-0: Ball
2-0: SINGLE (Line Drive, 78S)
Batting: LHB Joe Sutton 0-0: Ball
1-0: Ball
2-0: Called Strike
2-1: Foul Ball, location: 2F
2-2: Strikes out looking
Top of the 4th over - 0 run(s), 1 hit(s), 0 error(s), 1 left on base; Sioux Falls 0 - Bloomington 0
BOTTOM OF THE 4TH
Bloomington Longnecks batting - Pitching for Sioux Falls Red Pandas : RHP José Trujillo
Batting: SHB Eddie Ménard 0-0: Ball
1-0: Ball
2-0: Ball
3-0: Base on Balls
Batting: LHB Shahid Afridi 0-0: Ball
1-0: Called Strike
1-1: Swinging Strike
1-2: Ball
2-2: Foul Ball, location: 2F
2-2: Fly out, F8 (Flyball, 89D)
Batting: RHB Carlos Cardona 0-0: Foul Ball, location: 2F
0-1: Ball
1-1: Ball
Eddie Ménard is caught stealing 2nd base
2-1: Swinging Strike
2-2: Ball
3-2: Strikes out looking
Bottom of the 4th over - 0 run(s), 0 hit(s), 0 error(s), 0 left on base; Sioux Falls 0 - Bloomington 0
TOP OF THE 5TH
Sioux Falls Red Pandas batting - Pitching for Bloomington Longnecks : RHP Miguel Cervantes
Batting: LHB Esteban Casillas 0-0: Ball
1-0: Ball
2-0: Called Strike
2-1: Fly out, F7 (Flyball, 78S)
Batting: RHB Tim Barnes 0-0: Ball
1-0: Foul Ball, location: 2F
1-1: Ball
2-1: Foul Ball, location: 2F
2-2: Foul Ball, location: 2F
2-2: Ground out 6-3 (Groundball, 56)
Batting: RHB Mark Allen 0-0: Foul Ball, location: 2F
0-1: Fly out, F7 (Flyball, 7D)
Top of the 5th over - 0 run(s), 0 hit(s), 0 error(s), 0 left on base; Sioux Falls 0 - Bloomington 0
BOTTOM OF THE 5TH
Bloomington Longnecks batting - Pitching for Sioux Falls Red Pandas : RHP José Trujillo
Batting: SHB Benedict Patel 0-0: Foul Ball, location: 2F
0-1: Called Strike
0-2: Foul Ball, location: 2F
0-2: SINGLE (Groundball, 4MD)
Batting: SHB Jared Jefferson 0-0: Sac Bunt - play at first, batter OUT! 1-4
Benedict Patel to second
Batting: LHB Shang-de Zhang 0-0: Ball
1-0: Ball
2-0: Fly out, F8 (Flyball, 8RM)
Batting: RHB Frank Crocker 0-0: SINGLE (Groundball, 34D)
Benedict Patel to third
Runner from 3rd tries for Home, SAFE, no throw
Batting: RHB Gabrio Campoverde 0-0: Ball
1-0: Foul Ball, location: 2F
1-1: Fielders Choice at 2nd, 6-4 (Groundball, 6)
Bottom of the 5th over - 1 run(s), 2 hit(s), 0 error(s), 0 left on base; Sioux Falls 0 - Bloomington 1
TOP OF THE 6TH
Sioux Falls Red Pandas batting - Pitching for Bloomington Longnecks : RHP Miguel Cervantes
Batting: RHB Alfredo Chávez 0-0: Called Strike
0-1: Called Strike
0-2: Strikes out looking
Batting: SHB Raúl Duarte 0-0: Ball
1-0: Foul Ball, location: 2F
1-1: Ball
2-1: Ball
3-1: Called Strike
3-2: Base on Balls
Batting: RHB Jorge Díaz 0-0: Called Strike
Raúl Duarte steals 2nd base
0-1: Ball
1-1: Ground out 1-3 (Groundball, 15S)
Batting: LHB Magali Lenidas 0-0: Ball
1-0: Ball
2-0: Ball
3-0: Base on Balls
Batting: RHB Alan Rosales 0-0: Swinging Strike
0-1: Ball
1-1: Called Strike
1-2: Ball
2-2: Ball
3-2: Ground out 6-3 (Groundball, 56)
Top of the 6th over - 0 run(s), 0 hit(s), 0 error(s), 2 left on base; Sioux Falls 0 - Bloomington 1
BOTTOM OF THE 6TH
Bloomington Longnecks batting - Pitching for Sioux Falls Red Pandas : RHP José Trujillo
Batting: RHB Sean Davis 0-0: Ball
1-0: Ball
2-0: Ball
3-0: Called Strike
3-1: Called Strike
3-2: Foul Ball, location: 2F
3-2: Fly out, F9 (Flyball, 9LS)
Batting: SHB Eddie Ménard 0-0: Foul Ball, location: 2F
0-1: Ball
1-1: Swinging Strike
1-2: Ball
2-2: SINGLE (Groundball, 56D)
Batting: LHB Shahid Afridi 0-0: Ball
1-0: Fly out, F4 (Popup, 4M)
Batting: RHB Carlos Cardona 0-0: Called Strike
Eddie Ménard is caught stealing 2nd base
Bottom of the 6th over - 0 run(s), 1 hit(s), 0 error(s), 0 left on base; Sioux Falls 0 - Bloomington 1
TOP OF THE 7TH
Sioux Falls Red Pandas batting - Pitching for Bloomington Longnecks : RHP Miguel Cervantes
Batting: LHB Joe Sutton 0-0: Ball
1-0: Ground out 4-3 (Groundball, 34)
Batting: LHB Esteban Casillas 0-0: SINGLE (Groundball, 34D) (infield hit)
Batting: RHB Tim Barnes 0-0: Ball
1-0: Foul Ball, location: 2F
1-1: Swinging Strike
1-2: Strikes out swinging
Batting: RHB Mark Allen 0-0: Ball
1-0: Swinging Strike
1-1: Ball
2-1: Fielders Choice at 2nd, 6-4 (Groundball, 6)
Top of the 7th over - 0 run(s), 1 hit(s), 0 error(s), 0 left on base; Sioux Falls 0 - Bloomington 1
BOTTOM OF THE 7TH
Bloomington Longnecks batting - Pitching for Sioux Falls Red Pandas : RHP José Trujillo
Batting: RHB Carlos Cardona 0-0: Swinging Strike
0-1: Foul Ball, location: 2F
0-2: Foul Ball, location: 2F
0-2: Ball
1-2: Ball
2-2: Ground out 4-3 (Groundball, 6M)
Pitching: RHP Loeck Visser
Batting: SHB Benedict Patel 0-0: Ball
1-0: Ball
2-0: SINGLE (Groundball, 34D)
Pinch Hitting: LHB Ray Anderson 0-0: Ball
1-0: Swinging Strike
1-1: Called Strike
1-2: Ground out 4-3 (Groundball, 34)
Benedict Patel to second
Batting: LHB Shang-de Zhang 0-0: SINGLE (Groundball, 56D)
Benedict Patel to third
Runner from 3rd tries for Home, throw and OUT!
Bottom of the 7th over - 0 run(s), 2 hit(s), 0 error(s), 1 left on base; Sioux Falls 0 - Bloomington 1
TOP OF THE 8TH
Sioux Falls Red Pandas batting - Pitching for Bloomington Longnecks : RHP Miguel Cervantes
Now at 1B: Eugene Bentley
Now in LF: Darrell Terwey
Batting: RHB Alfredo Chávez 0-0: Called Strike
0-1: Called Strike
0-2: Strikes out swinging
Batting: SHB Raúl Duarte 0-0: Ball
1-0: Called Strike
1-1: Ball
2-1: Ball
3-1: Swinging Strike
3-2: Strikes out swinging
Batting: RHB Jorge Díaz 0-0: Foul Ball, location: 2F
0-1: Ground out 6-3 (Groundball, 56)
Top of the 8th over - 0 run(s), 0 hit(s), 0 error(s), 0 left on base; Sioux Falls 0 - Bloomington 1
BOTTOM OF THE 8TH
Bloomington Longnecks batting - Pitching for Sioux Falls Red Pandas : RHP Loeck Visser
Batting: RHB Frank Crocker 0-0: Ball
1-0: Called Strike
1-1: Ball
2-1: Ground out 6-3 (Groundball, 6)
Batting: RHB Gabrio Campoverde 0-0: Swinging Strike
0-1: Ball
1-1: Called Strike
1-2: Foul Ball, location: 2F
1-2: Fly out, F8 (Line Drive, 8LS)
Batting: RHB Sean Davis 0-0: Foul Ball, location: 2F
0-1: Ball
1-1: Ball
2-1: Foul Ball, location: 2F
2-2: Ball
3-2: Fly out, F6 (Line Drive, 6M)
Bottom of the 8th over - 0 run(s), 0 hit(s), 0 error(s), 0 left on base; Sioux Falls 0 - Bloomington 1
TOP OF THE 9TH
Sioux Falls Red Pandas batting - Pitching for Bloomington Longnecks : RHP Miguel Cervantes
Pitching: RHP Jim Dixon
Batting: LHB Magali Lenidas 0-0: Ball
1-0: SINGLE (Groundball, 4MD)
Batting: RHB Alan Rosales 0-0: Foul Ball, location: 2F
0-1: Foul Ball, location: 2F
0-2: Ball
1-2: Strikes out looking
Batting: LHB Joe Sutton 0-0: Called Strike
0-1: Ball
1-1: Foul Ball, location: 2F
1-2: Ball
2-2: Foul Ball, location: 2F
2-2: Foul Ball, location: 2F
2-2: Fielders Choice at 2nd, 1-6 (Groundball, P)
Batting: LHB Esteban Casillas 0-0: Ball
1-0: Fly out, F5 (Line Drive, 5)
Top of the 9th over - 0 run(s), 1 hit(s), 0 error(s), 1 left on base; Sioux Falls 0 - Bloomington 1
Thursday, August 31st, 2017 - OOTP Baseball 17.12 Build 75